Map: Jagannatha LE

Players

PtitDrogo

  • Race: Protoss Protoss

Vanya - Winner!

  • Race: Zerg Zerg

Event: DreamHack SC2 Masters 2021 Fall

VOD

Have the link to the VOD?

Description

Time

  • Played on: July 30, 2021, 11:58 a.m.
  • Length: 8:40

All games in this series

Show
View Real Time Build Order
Export as new Build Order

PtitDrogo Protoss 

Build Orders: 1 Gate Expand, Oracle Opening 

Get SALT Encoding   

  12  0:00  Probe  
  13  0:13  Probe  
  14  0:20  Pylon  
  14  0:25  Probe  
  15  0:38  Probe (Chrono Boost)  
  15  0:39  Gateway  
  16  0:47  Probe (Chrono Boost)  
  17  0:50  Assimilator  
  17  0:52  Probe  
  18  1:04  Probe  
  19  1:17  Probe  
  20  1:26  Nexus  
  20  1:37  Cybernetics Core  
  20  1:39  Probe  
  21  1:45  Assimilator  
  21  1:51  Probe  
  22  1:55  Pylon  
  22  2:04  Probe  
  23  2:11  Adept (Chrono Boost)  
  25  2:16  Probe  
  25  2:20  Stargate  
  26  2:27  Warp Gate  
  26  2:28  Probe (Chrono Boost)  
  27  2:31  Adept (Chrono Boost)  
  29  2:38  Probe (Chrono Boost)  
  31  2:46  Probe (Chrono Boost)  
  31  2:47  Probe (Chrono Boost)  
  32  2:52  Probe x2 (Chrono Boost)  
  32  2:54  Adept  
  36  3:04  Probe x2  
  36  3:05  Oracle (Chrono Boost)  
  38  3:12  Pylon  
  41  3:16  Probe x2  
  43  3:28  Gateway, Probe  
  43  3:29  Probe  
  45  3:34  Oracle (Chrono Boost)  
  45  3:40  Probe  
  45  3:41  Probe  
  50  3:46  Pylon  
  50  3:52  Probe  
  50  3:53  Probe  
  52  4:01  Nexus  
  52  4:11  Probe  
  52  4:13  Oracle  
  52  4:15  Stalker  
  58  4:20  Probe  
  58  4:21  Pylon  
  58  4:23  Assimilator  
  59  4:24  Assimilator  
  59  4:25  Adept  
  59  4:27  Probe  
  62  4:39  Probe x2  
  64  4:51  Twilight Council, Forge, Adept x2, Probe x2  
  70  5:01  Gateway  
  70  5:05  Gateway  
  70  5:11  Pylon  
  70  5:13  Probe x2 (Chrono Boost)  
  70  5:14  Probe (Chrono Boost)  
  73  5:17  Sentry x2  
  77  5:23  Probe x3 (Chrono Boost)  
  77  5:25  Protoss Ground Weapons Level 1 (Chrono Boost)  
  77  5:28  Probe x3 (Chrono Boost)  
  83  5:39  Probe x2  
  83  5:40  Probe  
  86  5:43  Blink (Chrono Boost)  
  86  5:46  Robotics Facility  
  86  5:49  Pylon, Shield Battery  
  86  5:51  Probe x2  
  86  5:52  Sentry x2, Probe  
  86  5:54  Pylon  
  93  5:57  Pylon  
  93  6:01  Gateway  
  93  6:07  Assimilator, Probe x3  
  96  6:11  Assimilator  
  96  6:18  Stalker x2  
  100  6:19  Stalker x2, Probe x3  
  100  6:25  Gateway x2  
  107  6:28  Gateway  
  107  6:32  Warp Prism (Chrono Boost)  
  109  6:44  Pylon  
  109  6:45  Pylon  
  109  6:49  Gateway  
  109  6:50  Gateway  
  109  6:57  Stalker x3  
  109  7:00  Pylon, Photon Cannon  
  115  7:06  Stalker  
  117  7:09  Pylon  
  117  7:26  Stalker x5  
  117  7:27  Stalker  
  117  7:28  Probe  
  113  7:33  Probe  
  102  7:41  Probe  
  95  7:46  Stalker  
  95  7:49  Robotics Facility, Robotics Bay  
  95  7:50  Observer (Chrono Boost)  
  94  7:52  Nexus  
  94  7:55  Shield Battery  
  94  7:57  Shield Battery  
  94  7:58  Stalker x4  
  102  8:05  Pylon  
  100  8:13  Stalker x3  
  102  8:21  Stalker  
  102  8:26  Zealot x3  
  102  8:27  Zealot x3  
  104  8:31  Cybernetics Core  
Show
View Real Time Build Order
Export as new Build Order

Vanya Zerg - Winner!

Build Orders: Hatch First 

Get SALT Encoding   

  12  0:00  Drone  
  13  0:13  Overlord  
  13  0:17  Drone  
  14  0:31  Drone x2  
  16  0:43  Drone  
  17  0:52  Hatchery  
  17  0:54  Drone  
  17  0:59  Drone  
  18  1:08  Extractor  
  17  1:13  Spawning Pool  
  17  1:16  Drone  
  17  1:20  Drone  
  18  1:28  Drone  
  19  1:39  Drone  
  20  1:49  Overlord  
  20  2:00  Queen  
  22  2:04  Queen, Zergling x2  
  22  2:05  Zergling x2  
  26  2:12  Drone  
  27  2:17  Drone  
  27  2:22  Metabolic Boost  
  28  2:24  Drone  
  28  2:26  Drone  
  30  2:37  Hatchery  
  30  2:40  Drone  
  30  2:45  Drone  
  30  2:49  Queen  
  33  2:54  Overlord  
  33  2:58  Zergling x2  
  34  3:00  Zergling x2  
  34  3:01  Zergling x2  
  36  3:12  Queen  
  36  3:13  Drone x2  
  36  3:15  Zergling x2  
  36  3:17  Zergling x2  
  42  3:22  Overlord  
  42  3:24  Drone  
  42  3:26  Drone  
  44  3:40  Overlord  
  44  3:41  Drone x3  
  45  3:42  Drone  
  48  3:49  Spore Crawler, Drone x3  
  48  3:52  Drone  
  51  3:58  Overlord  
  51  4:00  Drone x2  
  51  4:02  Drone  
  53  4:06  Drone x2  
  54  4:11  Queen  
  54  4:13  Drone  
  57  4:17  Overlord  
  57  4:18  Drone  
  57  4:21  Drone  
  57  4:23  Spore Crawler  
  58  4:24  Drone x2  
  58  4:26  Drone  
  58  4:28  Drone  
  62  4:32  Roach Warren  
  62  4:35  Drone  
  62  4:36  Drone x2  
  58  4:38  Drone  
  58  4:39  Drone  
  58  4:42  Drone  
  58  4:44  Drone  
  61  4:45  Drone  
  61  4:49  Lair  
  61  4:53  Drone  
  61  4:54  Drone x2  
  61  4:56  Drone  
  65  5:00  Drone  
  65  5:01  Drone x3  
  65  5:04  Extractor  
  65  5:05  Extractor, Queen  
  69  5:09  Overlord  
  69  5:11  Drone x2  
  69  5:13  Drone x2  
  73  5:18  Zergling x2  
  73  5:20  Extractor  
  73  5:21  Extractor, Zergling x2  
  73  5:22  Zergling x2  
  73  5:25  Overlord  
  74  5:28  Zergling x12  
  74  5:31  Drone  
  74  5:32  Drone  
  81  5:36  Evolution Chamber  
  81  5:37  Evolution Chamber, Overlord  
  81  5:38  Drone  
  81  5:39  Drone  
  81  5:41  Drone  
  82  5:46  Drone  
  83  5:50  Extractor  
  83  5:51  Drone x2, Glial Reconstitution  
  83  5:55  Drone x4  
  87  6:03  Drone  
  88  6:05  Zerg Missile Weapons Level 1  
  88  6:08  Drone x3  
  91  6:14  Hatchery  
  91  6:15  Overlord  
  89  6:18  Overlord  
  89  6:21  Roach x4  
  89  6:25  Overlord  
  97  6:29  Overlord x2  
  97  6:32  Overlord  
  97  6:37  Roach  
  97  6:38  Roach x3  
  105  6:40  Overlord  
  105  6:43  Overlord  
  105  6:46  Roach x3  
  111  6:50  Roach x2  
  114  6:55  Roach x3  
  114  6:56  Roach  
  122  7:01  Ravager  
  122  7:02  Ravager x4  
  122  7:03  Zergling x8  
  131  7:11  Roach  
  131  7:12  Roach x2  
  135  7:16  Roach  
  135  7:17  Roach  
  138  7:22  Roach  
  138  7:23  Roach x3  
  138  7:27  Roach x3  
  134  7:32  Roach x2  
  134  7:33  Roach  
  134  7:34  Zergling x2  
  131  7:39  Zergling x4  
  131  7:40  Zergling x6  
  129  7:46  Ravager x5  
  129  7:47  Zergling x2  
  129  7:48  Zergling x4  
  137  7:53  Spore Crawler  
  137  7:56  Zergling x10  
  137  7:57  Ravager x2  
  137  7:58  Overseer  
  143  8:00  Zergling x6  
  143  8:03  Zergling x2  
  143  8:04  Zergling x4  
  148  8:08  Zergling x6  
  148  8:12  Zergling x2  
  148  8:17  Zergling x10  
  150  8:21  Zergling x2  
  150  8:22  Zergling x2  

Tags
 
Add a new tag
Caveats
  • Supply blocks, unpowered buildings, or Contaminate may cause inaccurate times.
  • Supply counts are checked every 10 seconds.